 Dungeon Crawl Stone Soup version 0.30-a0-672-gc3a7216ad8 (webtiles) character file.

Game seed: 16536281379310505926

446 BigDaddyOpFi the Firebug (level 7, -6/29 HPs)
             Began as a Meteoran Fire Elementalist on Jan 18, 2023.
             Mangled by Prince Ribbit (13 damage)
             ... on level 6 of the Dungeon.
             The game lasted 00:07:56 (3529 turns).

BigDaddyOpFi the Firebug (MeFE)                     Turns: 3529, Time: 00:07:57

Health: -6/29      AC:  6    Str: 10    XL:     7   Next: 49%
Magic:  6/14       EV: 14    Int: 18    God:
Gold:   162        SH:  0    Dex: 15    Spells: 8/14 levels left

rFire   + . .      SeeInvis .    n - +4 dagger (drain)
rCold   x . .      Faith    .    (no shield)
rNeg    . . .      Spirit   .    o - +2 robe
rPois   .          Reflect  .    p - +0 helmet
rElec   .          Harm     .    (no cloak)
rCorr   .          Rampage  .    l - +0 pair of gloves
Will    .....                    (no boots)
Stlth   +                        (no amulet)
HPRegen 0.24/turn                k - ring of fire
MPRegen 0.14/turn                (no ring)

@: glowing
A: sense surroundings 1, otherworldly, glowing, explore regen
a: no special abilities


You were on level 6 of the Dungeon.
You visited 1 branch of the dungeon, and saw 6 of its levels.
You also visited: Sewer.

You collected 162 gold pieces.

Inventory:

Hand Weapons
 n - a +4 dagger of draining (weapon)
Armour
 l - a +0 pair of gloves (worn)
 o - a +2 robe (worn)
 p - a +0 helmet (worn)
Jewellery
 k - a ring of fire (left hand)
Scrolls
 d - 3 scrolls of teleportation
 f - a scroll of magic mapping
 q - a scroll of blinking
 r - a scroll of fog
 u - a scroll of fear
 v - a scroll of amnesia {unknown}
 w - a scroll of poison {unknown}
Potions
 a - a potion of cancellation {unknown}
 b - a potion of attraction {unknown}
 c - a potion of flight {unknown}
 e - 2 potions of heal wounds {unknown}
 h - 2 potions of berserk rage
 i - 2 potions of curing {unknown}
 j - 2 potions of might {unknown}
 m - 2 potions of brilliance {unknown}
 s - a potion of degeneration {unknown}


   Skills:
 + Level 4.4 Dodging
 + Level 2.9 Stealth
 + Level 4.4 Spellcasting
 + Level 4.0 Conjurations
 + Level 5.1 Fire Magic


You had 8 spell levels left.
You knew the following spells:

 Your Spells              Type           Power      Damage    Failure   Level
a - Foxfire               Conj/Fire      100%       2x1d9     2%          1
b - Scorch                Fire           66%        2d8       2%          2
c - Kindle Blastsparks    Fire/Tloc/Air  30%        2d12      21%         3

Your spell library contained the following spells:

 Spells                   Type           Power      Damage    Failure   Level
 Inner Flame              Hex/Fire       19%        N/A       14%         3
 Flame Wave               Conj/Fire      30%        2d9       22%         4


Dungeon Overview and Level Annotations

Branches:
Dungeon (6/15) Zot: 757     Sewer (visited)
 Temple: D:4-7

Altars:
Ashenzari
Gozag
Hepliaklqana
Trog

Annotations:
D:6 Prince Ribbit


Innate Abilities, Weirdness & Mutations

You passively map a small area around you.
You are easily found by Zot.
You glow in the dark.
You regain HP and MP as you explore.


Message History

Orders for allies: a - Attack new target. r - Retreat! s - Stop attacking. g - Guard the area. f - Follow me.
Anything else - Cancel.
Okay, then.
You can't go up here!
There is a stone staircase leading down here.
You climb downwards.
Prince Ribbit croaks.
Found a stone staircase leading down.
There is a stone staircase leading up here.
Casting: Foxfire (safe; 2% risk of failure)
Confirm with . or Enter, or press ? or * to list all spells.
You feel a surge of power!
A cloud of volatile blastsparks flares up around you!
Casting: Kindle Blastsparks (quite dangerous; 21% risk of failure)
Confirm with . or Enter, or press ? or * to list all spells.
You feel a surge of power!
A cloud of volatile blastsparks flares up around you!
Prince Ribbit barely misses you. Prince Ribbit hits you!
Ouch! That really hurt!
The cloud of blastsparks explodes!
The concussive blast engulfs Prince Ribbit!
Prince Ribbit is heavily wounded.
The concussive blast engulfs you. You resist.
You are knocked back by the blast.
You hear a shout!
Casting: Kindle Blastsparks (quite dangerous; 21% risk of failure)
Confirm with . or Enter, or press ? or * to list all spells.
You feel a surge of power!
A cloud of volatile blastsparks flares up around you!
Prince Ribbit closely misses you.
The cloud of blastsparks explodes!
The concussive blast engulfs Prince Ribbit!
Prince Ribbit is severely wounded.
The concussive blast engulfs you. You resist.
* * * LOW HITPOINT WARNING * * *
You are knocked back by the blast.
Prince Ribbit blinks!
Prince Ribbit hits you!
You die...

, * * , ,* , , * **
* ,, , , ,, * , ,,
***, * , , *
###################
.............S.F@.#
*
....>....########.#
,, , ###...<.....#
.# ** #.#.....#.#
.. , #.........#
###* * #.###.#.###
* *, * #.* #S#.# *
# *#.#.. , * ,
..####


You could see Prince Ribbit and an adder.

Vanquished Creatures
  Pargi (Sewer)
  A necrophage (D:5)
  A jelly (D:4)
  A gnoll bouda (D:5)
  Jessica (D:3)
  4 gnolls
  4 adders
  2 river rats (D:4)
  An ufetubus (D:4)
  2 worms
  3 dart slugs (D:1)
  9 orcs
  5 endoplasms
  4 giant cockroaches
  8 goblins
  6 hobgoblins
  4 jackals (D:4)
  13 kobolds
  A quokka (D:3)
  7 ball pythons
  2 bats (D:1)
  5 frilled lizards
  7 rats
92 creatures vanquished.

Vanquished Creatures (others)
  235 foxfires
  6 plants (D:4)
241 creatures vanquished.

Grand Total: 333 creatures vanquished

Notes
Turn   | Place    | Note
-------+----------+-------------------------------------------
     0 | D:1      | BigDaddyOpFi the Meteoran Fire Elementalist began the quest
                  | for the Orb.
     0 | D:1      | Reached XP level 1. HP: 14/14 MP: 5/5
   110 | D:1      | Reached XP level 2. HP: 20/20 MP: 0/6
   203 | D:1      | Reached XP level 3. HP: 25/26 MP: 5/8
   428 | D:1      | Found a faded altar of an unknown god.
   500 | D:1      | Glimpsed the power of Zot.
   550 | D:1      | Glimpsed the power of Zot.
   604 | D:2      | Reached skill level 4 in Fire Magic
   819 | D:2      | Reached XP level 4. HP: 6/33 MP: 2/9
  1100 | D:2      | Glimpsed the power of Zot.
  1317 | D:3      | Learned a level 2 spell: Scorch
  1516 | D:3      | Noticed Jessica
  1519 | D:3      | Killed Jessica
  1520 | D:3      | Reached XP level 5. HP: 38/38 MP: 0/11
  1700 | D:3      | Glimpsed the power of Zot.
  1750 | D:3      | Glimpsed the power of Zot.
  1790 | D:3      | Glimpsed the power of Zot.
  1810 | D:4      | Found a bloodstained altar of Trog.
  2100 | D:4      | Found a glowing drain.
  2111 | Sewer    | Entered a sewer
  2235 | Sewer    | Noticed Pargi
  2239 | Sewer    | Killed Pargi
  2240 | Sewer    | Reached XP level 6. HP: 38/45 MP: 7/13
  2568 | D:4      | Found a hazy altar of Hepliaklqana.
  2586 | D:4      | Glimpsed the power of Zot.
  2636 | D:4      | Glimpsed the power of Zot.
  2676 | D:4      | Glimpsed the power of Zot.
  2686 | D:4      | Touched by the power of Zot.
  2706 | D:5      | Entered Level 5 of the Dungeon
  2715 | D:5      | Reached XP level 7. HP: 22/39 MP: 7/14
  2814 | D:5      | Learned a level 3 spell: Kindle Blastsparks
  2835 | D:5      | Reached skill level 5 in Fire Magic
  3179 | D:4      | Found a broken altar of Ashenzari.
  3180 | D:4      | Found an opulent altar of Gozag.
  3386 | D:4      | Glimpsed the power of Zot.
  3437 | D:5      | Glimpsed the power of Zot.
  3477 | D:5      | Glimpsed the power of Zot.
  3486 | D:5      | Touched by the power of Zot.
  3519 | D:6      | Noticed Prince Ribbit
  3529 | D:6      | Mangled by Prince Ribbit

Illustrated notes

Levels and vault maps discovered:
D:1:      dpeg_arrival_rhombus, layout_basic, chequers_ecumenical_altar_grove,
          chequers_mini_garden, serial_bayou_pond_e, kennysheep_pointless_box,
          minmay_misc_feat_doors, minivault_23
D:2:      layout_loops_ring
D:3:      layout_basic, serial_co_window_serial, co_window_paths_b,
          co_window_corner_a, co_window_paths_a, co_window_paths_a,
          co_window_of_opportunity_a, co_window_of_opportunity_b,
          co_window_2corner, co_window_broadway_a, co_window_broadway_c,
          co_window_corner_b, co_window_paths_d, glass_columns_a,
          glass_columns_a, glass_columns_a, grunt_ministairs_15,
          serial_bayou_pond_e, uniq_jessica
D:4:      layout_loops_corners, nicolae_hepliaklqana_hazy_memory,
          trog_three_pillars_becter, gammafunk_temple_overflow_pools,
          portal_sewer_entry_e, kennysheep_opposing_triangles
D:5:      layout_basic, minmay_temple_entry_proselytizer
D:6:      layout_basic, fedhas_altar_1, uniq_prince_ribbit1

Skill      XL: |  1  2  3  4  5  6  7 |
---------------+----------------------+-----
Spellcasting   | 3 4 |  4.4
Conjurations   | 2 3 4 |  4.0
Fire Magic     | 4 5 |  5.1
Dodging        | 3 4 |  4.4
Stealth        | 2 |  2.9

Action                   |  1- 3 |  4- 6 |  7- 9 || total
-------------------------+-------+-------+-------++-------
Melee: Unarmed           |     3 |       |       ||     3
       Dagger            |    52 |    32 |     5 ||    89
 Cast: Foxfire           |    72 |   104 |     8 ||   184
       Scorch            |       |    13 |     4 ||    17
       Kindle Blastspark |       |       |     8 ||     8
  Use: Scroll            |       |     7 |     5 ||    12
       Potion            |       |     1 |       ||     1
Armor: Robe              |    11 |    40 |     2 ||    53
Dodge: Dodged            |    34 |    73 |    11 ||   118

Table legend: (Time is in decaauts)
 A = Elapsed time spent in this place.
 B = Non-inter-level travel time spent in this place.
 C = Inter-level travel time spent in this place.
 D = Time resting spent in this place.
 E = Time spent auto-exploring this place.
 F = Levels seen in this place.
 G = Mean time per level.
                   A        B        C        D        E       F      G
               +--------+--------+--------+--------+--------+-----+--------+
         Total |   3539 |   3434 |    105 |    394 |   2090 |   7 |  505.6 |
       Dungeon |   3242 |   3137 |    105 |    255 |   1994 |   6 |  540.3 |
         Sewer |    297 |    297 |      0 |    139 |     96 |   1 |  297.0 |
               +--------+--------+--------+--------+--------+-----+--------+

Top non-repeatable levels by time:
     D:4: 1183 daAuts
     D:3: 655 daAuts
     D:2: 581 daAuts
     D:1: 561 daAuts
   Sewer: 297 daAuts
     D:5: 249 daAuts
     D:6: 9 daAuts
